 Dungeon Crawl Stone Soup version bcrawl-1.21.3-2-g9d8a61a446 (webtiles) character file.

Game seed: 9658091158647602840

22800 Edwards80 the Protected (level 13, -3/174 HPs)
             Began as a Hill Orc Fighter on Apr 21, 2020.
             Was a High Priest of Makhleb.
             Slain by a wight
             ... wielding a +4 halberd
              (5 damage)
             ... on level 11 of the Dungeon.
             The game lasted 00:54:35 (9805 turns).

Edwards80 the Protected (Hill Orc Fighter)          Turns: 9805, Time: 00:54:35

Health: -3/174     AC: 30    Str: 23 (26) XL:     13   Next: 2%
Magic:  13/13      EV:  2    Int:  7 (8)  God:    Makhleb [*****.]
Gold:   433        SH: 13    Dex:  9 (10) Spells: 12/12 levels left

rFire    + . .     SeeInvis .   B - +1 mace (holy)
rCold    + . .     Gourm    .   c - +0 medium shield
rNeg     + + +     Faith    .   (armour currently unavailable)
rPois    +         Spirit   .   (helmet currently unavailable)
rElec    +         Reflect  .   (cloak currently unavailable)
rCorr    +         Harm     .   (gloves currently unavailable)
MR       .....     NoTele   +   (boots currently unavailable)
Stlth    +.........             o - amulet of regeneration
HPRegen  0.79/turn              m - +4 ring of protection
MPRegen  0.13/turn              (no ring)

@: tree-form (expiring), resistant, slowed, very slow
A: strong 1, MP-powered wands
a: Minor Destruction, Lesser Servant of Makhleb, Major Destruction, Greater
Servant of Makhleb, Renounce Religion


You were on level 11 of the Dungeon.
You worshipped Makhleb.
Makhleb was extremely pleased with you.
You were hungry.
You were a tree.
You visited 1 branch of the dungeon, and saw 11 of its levels.

You collected 795 gold pieces.
You spent 362 gold pieces at shops.

Inventory:

Hand Weapons
 a - a +3 flail of protection
 b - a +1 antimagic spear
 d - a +3 morningstar of protection
 y - the +2 mace of Fizxiofa {crush, +Fly}
   (You found it on level 5 of the Dungeon)

   It inflicts extra damage upon your enemies.
   It lets you fly.
 z - a +2 mace of crushing
 B - a +1 mace of holy wrath (weapon)
 H - a +3 mace of freezing
 M - a +1 scimitar of flaming
Armour
 c - a +0 medium shield (worn)
 A - a +0 cloak (melded)
 F - a +0 pair of boots (melded)
 L - a +0 plate armour (melded)
 N - a +2 helmet of see invisible (melded)
Jewellery
 m - a +4 ring of protection (left branch)
 o - an amulet of regeneration (around neck)
 q - an uncursed amulet of faith
 x - an uncursed ring of see invisible {unknown}
 C - an uncursed ring of protection from magic
 D - an uncursed ring of wizardry
 E - an uncursed ring of protection from cold
Wands
 v - a wand of flame (22)
 G - a wand of digging (10)
 O - a wand of iceblast (7)
Scrolls
 g - 5 scrolls of teleportation
 h - 5 scrolls of amnesia
 j - 2 scrolls of noise {unknown}
 k - a scroll of remove curse
 l - a scroll of fog {unknown}
 p - a scroll of magic mapping {unknown}
 u - 3 scrolls of enchant armour {unknown}
 J - 2 scrolls of blinking {unknown}
 Q - a scroll of summoning {unknown}
 T - a scroll of enchant weapon
Potions
 n - 2 potions of agility
 U - a potion of might
Miscellaneous
 V - a lamp of fire (inert)
Comestibles
 e - 24 rations {!d}


   Skills:
 + Level 11.2 Fighting
   Level 11.2 Short Blades
   Level 11.2 Long Blades
   Level 11.2 Axes
   Level 11.2 Maces & Flails
   Level 11.2 Polearms
   Level 11.2 Staves
 + Level 13.5 Armour
 + Level 13.5 Shields
   Level 11.2 Unarmed Combat


You had 12 spell levels left.
You didn't know any spells.
Your spell library contained the following spells:

 Spells                   Type           Power        Failure   Level  Hunger
 Corona                   Hex            #......      50%         1    ##.....
 Flame Tongue             Conj/Fire      #....        50%         1    ##.....
 Magic Dart               Conj           #...         50%         1    ##.....
 Summon Small Mammal      Summ           #...         50%         1    ##.....
 Call Imp                 Summ           #.....       63%         2    ###....
 Flaming Arrows           Chrm/Fire      #.......     63%         2    ###....
 Searing Ray              Conj           #.......     63%         2    ###....
 Shackle                  Hex            #.......     63%         2    ###....
 Call Canine Familiar     Summ           #.......     86%         3    ####...
 Conjure Flame            Conj/Fire      #.......     86%         3    ####...
 False Image              Hex/Summ       #.......     86%         3    ####...
 Inner Flame              Hex/Fire       N/A          86%         3    ####...
 Iskenderun's Mystic Bla  Conj           #.......     86%         3    ####...
 Cause Fear               Hex            #.........   99%         4    #####..
 Fulminant Prism          Conj/Hex       #.........   99%         4    #####..
 Sticky Flame             Conj/Fire      #.......     99%         4    #####..
 Summon Ice Beast         Ice/Summ       #.......     99%         4    #####..
 Yara's Violent Unravell  Hex/Tmut       #.........   99%         4    #####..
 Fireball                 Conj/Fire      #.........   100%        5    ######.
 Irradiate                Conj/Tmut      #.........   100%        5    ######.
 Summon Lightning Spire   Summ/Air       #.......     100%        5    ######.


Dungeon Overview and Level Annotations

Branches:
Dungeon (11/12)            Temple (0/1) D:5            Lair (0/6) D:8
    Orc (0/1) D:10
 Vaults: D:11-12

Altars:
Cheibriados
Elyvilon
Fedhas
Hepliaklqana
Kikubaaqudgha
Makhleb
Nemelex Xobeh
Okawaru
Ru
Sif Muna
Trog
Wu Jian
Xom
Yredelemnul
The Shining One

Shops:
D:5 (   D:8 (   D:9 %[([%

Annotations:
D:4 Blork the orc, Eustachio
D:5 2 transporters


Innate Abilities, Weirdness & Mutations

Your muscles are strong. (Str +2)
You expend magic power (3 MP) to strengthen your wands.


Message History

The merfolk hits you but does no damage.
The yak gores you but does no damage. The wight hits you with a +0 dagger.
* * * LOW HITPOINT WARNING * * *
The wight completely misses you.
It was a potion of magic.
Magic courses through your body. You block the yak's attack.
You block the wight's attack.
The merfolk hits you but does no damage.
The yak gores you but does no damage. You block the yak's attack.
The yak gores you!
* * * LOW HITPOINT WARNING * * *
The wight hits you but does no damage. The merfolk hits you.
* * * LOW HITPOINT WARNING * * *
The wight barely misses you.
It was a potion of mutation.
You feel extremely strange.
You feel stronger.
You feel your magical essence link to your wands.
Your transformation is almost over.
You are feeling hungry.
The wight hits you from afar with a +4 halberd.
You die...

##........^.# ...........
#...........### ....Y......
....<.........#### .....Y.....
............##†°°#### #........#
............#####..z######Y...z#
...........## ##.##°Yzz.....z5#
...........# ##.5z##YY.######z#
..........## #.YmY.#.Y..# #)#
..........# #Yz♣z.##...#####.##
.........##
#..Yz...##..[#☼○k..## .......<.#
#.......##......z...# ........##
#........###....○..... ##.....##
#........# #.......... ##.....#
#.........# ##...##.... ###)..##
#........## #..####... # #####
#........# #.## ##. #.# #


You could see a merfolk shaped shifter, 4 yaks, 4 wights and a shadow imp.

Vanquished Creatures
  An ice dragon (D:10)
  A two-headed ogre (D:7)
  3 centaur warriors
  6 death yaks
  Erica (D:8)
  2 tengu warriors (D:10)
  3 skeletal warriors (D:9)
  A deep troll (D:11)
  Pikel (D:8)
  A wolf spider zombie (D:10)
  An ugly thing (D:11)
  A manticore (D:11)
  Joseph (D:7)
  A centaur skeleton (D:6)
  A gargoyle (D:11)
  A kobold demonologist (D:9)
  A troll (D:10)
  Prince Ribbit (D:7)
  2 hornets
  5 slime creatures (D:10)
  A hippogriff (D:10)
  A raiju (shapeshifter) (D:11)
  12 yaks
  A hungry ghost (D:10)
  Edmund (D:5)
  A crocodile (D:11)
  Duvessa (D:7)
  An orc warrior (D:10)
  3 sky beasts (D:7)
  4 ice beasts
  2 phantoms
  An eye of draining (D:3)
  5 ogres
  A necrophage (D:10)
  5 centaurs
  6 bullfrogs
  10 big kobolds
  Dowan (D:7)
  2 scorpions
  5 killer bees
  6 wights
  4 crimson imps
  A quasit (D:9)
  2 orc priests
  A jelly (D:9)
  2 bullfrog skeletons
  Crazy Yiuf (D:5)
  8 hounds
  3 orc wizards
  2 iguanas
  7 worker ants
  4 worker ant zombies
  5 gnolls
  9 adders
  4 shadow imps
  An ooze (D:2)
  An adder zombie (D:7)
  An adder skeleton (D:8)
  A dart slug (D:1)
  3 leopard geckos
  19 orcs
  2 ball pythons
  A giant cockroach (D:2)
  3 goblins
  8 hobgoblins
  10 jackals
  2 bats
  2 frilled lizards (D:2)
  41 kobolds
  13 kobold skeletons (D:10)
  5 kobold zombies (D:10)
  A quokka zombie (D:6)
  4 rats
276 creatures vanquished.

Vanquished Creatures (others)
  A plant (D:5)
1 creature vanquished.

Grand Total: 277 creatures vanquished

Notes
Turn   | Place    | Note
-------+----------+-------------------------------------------
     0 | D:1      | Edwards80 the Hill Orc Fighter began the quest for the Orb.
     0 | D:1      | Reached XP level 1. HP: 20/20 MP: 1/1
   341 | D:1      | Reached XP level 2. HP: 25/27 MP: 2/2
  1123 | D:2      | Found a burning altar of Makhleb.
  1123 | D:2      | Found a sparkling altar of Nemelex Xobeh.
  1134 | D:2      | Became a worshipper of Makhleb the Destroyer
  1311 | D:2      | Found a white marble altar of Elyvilon.
  1319 | D:2      | Reached XP level 3. HP: 34/34 MP: 3/3
  1502 | D:2      | Found an iron altar of Okawaru.
  1537 | D:2      | Found a sacrificial altar of Ru.
  1948 | D:3      | Found a glowing golden altar of the Shining One.
  1950 | D:3      | Noticed an angel
  1966 | D:3      | Found a basalt altar of Yredelemnul.
  1968 | D:3      | Noticed a profane servitor
  2025 | D:3      | Reached XP level 4. HP: 41/41 MP: 4/4
  2037 | D:3      | Found a blossoming altar of Fedhas.
  2399 | D:3      | Found a bloodstained altar of Trog.
  2400 | D:3      | Noticed an eye of draining
  2416 | D:3      | Killed an eye of draining
  2416 | D:3      | Reached XP level 5. HP: 43/47 MP: 0/5
  2492 | D:3      | Reached * piety under Makhleb
  2619 | D:3      | Found a snail-covered altar of Cheibriados.
  2971 | D:3      | Found a hazy altar of Hepliaklqana.
  3168 | D:4      | Found an ancient bone altar of Kikubaaqudgha.
  3216 | D:4      | Noticed Eustachio
  3226 | D:4      | Noticed Blork the orc
  3230 | D:5      | Entered Level 5 of the Dungeon
  3230 | D:5      | Noticed Edmund
  3232 | D:5      | Noticed a centaur
  3311 | D:5      | Killed a centaur
  3311 | D:5      | Reached skill level 5 in Fighting
  3311 | D:5      | Reached skill level 5 in Armour
  3311 | D:5      | Reached skill level 5 in Shields
  3311 | D:5      | Reached XP level 6. HP: 31/56 MP: 6/6
  3323 | D:5      | Killed Edmund
  3336 | D:6      | Reached XP level 7. HP: 29/61 MP: 7/7
  3683 | D:5      | Found a runed door.
  3687 | D:5      | Noticed Crazy Yiuf
  3691 | D:5      | Paralysed by Crazy Yiuf for 4 turns
  3698 | D:5      | Killed Crazy Yiuf
  3701 | D:5      | Got a pitted mace
  3734 | D:5      | Identified the cursed +2 mace of Fizxiofa {crush, +Fly}
                  | (You found it on level 5 of the Dungeon)
  3883 | D:5      | Found a staircase to the Ecumenical Temple.
  3957 | D:5      | Found a transporter.
  4020 | D:5      | Found a transporter.
  4026 | D:5      | Identified the +3 medium shield of Unreason {Str+4}
  4170 | D:5      | Found Eceiva's Antique Weapon Shoppe.
  4176 | D:5      | Bought a runed morningstar for 182 gold pieces
  4314 | D:6      | Reached ** piety under Makhleb
  4314 | D:6      | Reached XP level 8. HP: 38/70 MP: 8/8
  4722 | D:6      | Found a shimmering altar of Xom.
  5052 | D:7      | Reached XP level 9. HP: 76/78 MP: 9/9
  5066 | D:7      | Noticed Dowan
  5066 | D:7      | Noticed Duvessa
  5077 | D:7      | Killed Duvessa
  5087 | D:7      | Killed Dowan
  5122 | D:7      | Noticed a two-headed ogre
  5145 | D:7      | Killed a two-headed ogre
  5283 | D:7      | Found an ornate altar of the Wu Jian Council.
  5296 | D:7      | Noticed Prince Ribbit
  5348 | D:7      | Killed Prince Ribbit
  5492 | D:7      | Reached XP level 10. HP: 88/88 MP: 10/10
  5497 | D:7      | Noticed Joseph
  5529 | D:7      | Killed Joseph
  5655 | D:7      | Reached *** piety under Makhleb
  5873 | D:8      | Noticed Pikel
  5877 | D:8      | Killed Pikel
  5877 | D:8      | Reached skill level 10 in Armour
  5877 | D:8      | Reached skill level 10 in Shields
  5923 | D:8      | Found Oriapt's Weapon Emporium.
  5944 | D:8      | Noticed a death yak
  5965 | D:8      | Killed a death yak
  5970 | D:8      | Noticed a death yak
  5971 | D:8      | Found a staircase to the Lair.
  5974 | D:8      | Noticed a death yak
  5975 | D:8      | Noticed a death yak
  5976 | D:8      | Noticed a death yak
  5977 | D:8      | Noticed a death yak
  6000 | D:8      | Killed a death yak
  6044 | D:9      | Killed a death yak
  6125 | D:9      | Reached XP level 11. HP: 77/97 MP: 11/11
  6164 | D:8      | Killed a death yak
  6172 | D:8      | Killed a death yak
  6181 | D:8      | Killed a death yak
  6347 | D:8      | Found a shimmering blue altar of Sif Muna.
  6363 | D:8      | Noticed Erica
  6373 | D:8      | Killed Erica
  6536 | D:9      | Found Gusikkown's Food Emporium.
  6570 | D:9      | Found Pagh's Antique Armour Boutique.
  6575 | D:9      | Bought a glowing helmet for 180 gold pieces
  6642 | D:9      | Found Lefeym's Weapon Boutique.
  6644 | D:9      | Found Raeczoqa's Antique Armour Boutique.
  7018 | D:9      | Noticed a skeletal warrior
  7022 | D:9      | Noticed a skeletal warrior
  7024 | D:9      | Noticed a skeletal warrior
  7072 | D:9      | Killed a skeletal warrior
  7079 | D:9      | Reached **** piety under Makhleb
  7105 | D:9      | Killed a skeletal warrior
  7124 | D:9      | Killed a skeletal warrior
  7124 | D:9      | Reached skill level 10 in Fighting
  7284 | D:9      | Found Ownar's Food Shop.
  7349 | D:10     | Entered Level 10 of the Dungeon
  7371 | D:10     | Noticed a tengu warrior
  7373 | D:10     | Noticed a tengu warrior
  7399 | D:10     | Killed a tengu warrior
  7399 | D:10     | Reached XP level 12. HP: 82/106 MP: 12/12
  7439 | D:10     | Killed a tengu warrior
  7965 | D:10     | Noticed an ice dragon
  7981 | D:10     | Killed an ice dragon
  8225 | D:10     | Found an ancient bone altar of Kikubaaqudgha.
  8363 | D:10     | Reached ***** piety under Makhleb
  8458 | D:10     | Noticed a centaur warrior
  8481 | D:10     | Killed a centaur warrior
  8719 | D:10     | Found a staircase to the Orcish Mines.
  9247 | D:11     | Noticed a centaur warrior
  9285 | D:11     | Killed a centaur warrior
  9353 | D:11     | Noticed a deep troll
  9385 | D:11     | Killed a deep troll
  9523 | D:11     | Noticed a centaur warrior
  9536 | D:11     | Killed a centaur warrior
  9581 | D:11     | Reached XP level 13. HP: 96/116 MP: 13/13
  9803 | D:11     | HP: 7/174 [wight/+0 dagger (3)]
  9804 | D:11     | HP: 2/174 [yak (7)]
  9805 | D:11     | Gained mutation: Your muscles are strong. (Str +2) [potion
                  | of mutation]
  9805 | D:11     | Gained mutation: You expend magic power (3 MP) to
                  | strengthen your wands. [potion of mutation]
  9805 | D:11     | Slain by a wight

Skill      XL: |  1  2  3  4  5  6  7  8  9 10 11 12 |
---------------+-------------------------------------+-----
Armour         | 4 5 6 7 9 10 12 13 | 13.5
Shields        | 4 5 6 7 9 10 12 13 | 13.5
Fighting       | 5 6 7 9 10 11 | 11.2
Short Blades   | | 11.2
Long Blades    | | 11.2
Axes           | | 11.2
Maces & Flails | | 11.2
Polearms       | | 11.2
Staves         | | 11.2
Unarmed Combat | | 11.2

Action                   |  1- 3 |  4- 6 |  7- 9 | 10-12 | 13-15 || total
-------------------------+-------+-------+-------+-------+-------++-------
Melee: Long sword        |   117 |    90 |     2 |       |       ||   209
       Flail             |       |       |    39 |   368 |     4 ||   411
       Morningstar       |       |       |   217 |   465 |       ||   682
       Mace              |       |       |       |    93 |    35 ||   128
       Scimitar          |       |       |       |    19 |       ||    19
Evoke: Wand              |       |       |     1 |     5 |     2 ||     8
       Lamp of fire      |       |       |       |       |     1 ||     1
  Use: Potion            |       |     2 |       |     5 |     9 ||    16
       Scroll            |       |       |    14 |     5 |     1 ||    20
  Eat: Chunk             |     4 |     2 |     6 |     9 |       ||    21
       Ration            |       |     1 |       |     2 |       ||     3
Armor: Scale mail        |    44 |     7 |       |       |       ||    51
       Chain mail        |       |    55 |   159 |    24 |       ||   238
       Ring mail         |       |       |       |    59 |       ||    59
       Plate armour      |       |       |       |   478 |    19 ||   497
       Skin              |       |       |       |       |    27 ||    27
Dodge: Dodged            |    30 |    25 |    54 |   270 |    12 ||   391
Block: Medium shield     |    68 |    73 |   143 |   727 |    24 ||  1035
